AoeStats
← alejobr0790

Arena

510205904Analyzed
4v4 RM · 2d ago on Sep 29, 2026· 44m 23s· 8 players
Game mode
Random Map
Map size
Large (8 player)
Population
200
Speed
Normal
Resources
Standard
Victory
Conquest
Starting age
Dark Age
Ending age
Imperial Age
RankedLock teamsTeams togetherTeam positionsShared explorationLock speedFull tech treeHidden civsTurbo modeCheats
Victory
Defeat
🇧🇷 Huns · Brazil
1124
+13
🇨🇳 Khmer · China
1091
+14
🇨🇴 Danes · Colombia
1075
+15
🇨🇱 Bohemians · Chile
1057
+15
🇨🇴 Turks · Colombia
1091
-16
🇨🇴 Britons · Colombia
1089
-16
🇨🇴 Khmer · Colombia
1032
-14
🇨🇴 Magyars · Colombia
972
-11
Arthedain
12:00 Feudal Age
16:40 Castle Age
14:47 Double-Bit Axe
15:19 Horse Collar
16:28 Loom
19:42 Forging
22:40 Arson
23:08 Pikeman
24:17 Gambesons
24:33 Squires
25:23 Scale Mail Armor
25:50 Bow Saw
26:50 Chain Mail Armor
28:05 Fletching
34:01 Imperial Age
32:17 Wheelbarrow
34:15 Iron Casting
36:32 Blast Furnace
35:14 Capped Ram
36:41 Conscription
37:49 Hoardings
38:19 Plate Mail Armor
40:13 Fervor
39:58 Hamask
41:11 Elite Varangian Guard
41:49 Bodkin Arrow
43:42 Hand Cart
JMB
6:45 Loom
10:21 Feudal Age
15:11 Castle Age
13:19 Double-Bit Axe
15:05 Wheelbarrow
16:32 Bow Saw
16:10 Horse Collar
20:17 Hand Cart
27:31 Gold Mining
31:13 Imperial Age
29:03 Marauders
28:53 Town Watch
29:31 Scale Barding Armor
31:58 Chain Barding Armor
32:25 Gold Shaft Mining
32:27 Conscription
32:25 Elite Tarkan
35:34 Plate Barding Armor
38:33 Forging
40:32 Iron Casting
king vitt
0:29 Loom
15:50 Feudal Age
17:06 Wheelbarrow
16:17 Horse Collar
16:25 Double-Bit Axe
20:53 Castle Age
20:37 Gold Mining
20:40 Stone Mining
21:58 Hand Cart
22:27 Bow Saw
22:19 Heavy Plow
22:57 Gold Shaft Mining
23:01 Stone Shaft Mining
26:57 Town Watch
30:59 Imperial Age
29:10 Town Patrol
31:34 Ballistics
31:28 Fortified Wall
31:56 Scale Barding Armor
32:28 Crop Rotation
33:03 Chemistry
32:23 Husbandry
32:34 Bloodlines
31:48 Elite Ballista Elephant
32:50 Conscription
33:19 Siege Engineers
33:49 Masonry
33:43 Double Crossbow
33:54 Heavy Scorpion
33:57 Light Cavalry
35:01 Chain Barding Armor
35:00 Murder Holes
34:31 Hussar
40:24 Architecture
41:08 Hoardings
42:49 Plate Barding Armor
42:26 Forging
Aquiles Baeza
7:12 Loom
12:34 Feudal Age
14:37 Horse Collar
17:13 Castle Age
19:28 Town Watch
22:40 Imperial Age
21:22 Fortified Wall
21:55 Fletching
22:05 Padded Archer Armor
21:54 Pikeman
23:40 Chemistry
35:15 Wheelbarrow
35:36 Town Patrol
35:47 Elite Skirmisher
Alkimista666
4:28 Loom
11:33 Feudal Age
16:10 Castle Age
16:31 Double-Bit Axe
24:49 Corvinian Army
29:47 Imperial Age
34:08 Wheelbarrow
33:39 Town Watch
alejobr0790
12:29 Feudal Age
16:33 Castle Age
14:56 Double-Bit Axe
15:18 Gold Mining
15:43 Horse Collar
24:20 Imperial Age
22:36 Bow Saw
22:38 Heavy Plow
25:42 Padded Archer Armor
36:44 Wheelbarrow
40:13 Leather Archer Armor
39:50 Fletching
40:00 Scale Mail Armor
40:06 Scale Barding Armor
40:11 Heavy Camel Rider
JoseAli
11:21 Feudal Age
14:28 Castle Age
13:24 Double-Bit Axe
22:01 Wheelbarrow
22:43 Horse Collar
23:28 Gold Mining
23:25 Loom
24:39 Heavy Plow
26:48 Town Watch
27:40 Bow Saw
29:49 Husbandry
33:19 Imperial Age
30:47 Elite Skirmisher
31:36 Crossbowman
32:40 Hand Cart
32:52 Bloodlines
32:51 Scale Barding Armor
32:57 Forging
33:40 Fletching
34:12 Chain Barding Armor
35:05 Gold Shaft Mining
34:22 Stone Mining
34:18 Capped Ram
36:17 Chemistry
35:38 Ballistics
34:52 Light Cavalry
37:26 Iron Casting
37:17 Cavalier
38:39 Plate Barding Armor
38:04 Scale Mail Armor
40:17 Heavy Scorpion
41:49 Crop Rotation
Cardenalion
11:37 Feudal Age
15:17 Castle Age
14:21 Horse Collar
16:23 Double-Bit Axe
19:11 Town Watch
21:32 Loom
24:45 Wheelbarrow
24:19 Gold Mining
25:53 Heavy Plow
26:08 Bow Saw
26:39 Town Patrol
27:08 Hand Cart
31:20 Imperial Age
28:59 Fletching
29:14 Scale Barding Armor
29:21 Stone Mining
29:46 Bodkin Arrow
30:03 Forging
29:57 Padded Archer Armor
31:17 Husbandry
30:37 Light Cavalry
31:43 Chain Barding Armor
32:12 Gold Shaft Mining
31:37 Elite Skirmisher
32:26 Bracer
32:52 Conscription
33:05 Yeomen
33:04 Elite Longbowman
34:02 Forging
34:40 Leather Archer Armor
36:12 Chemistry
35:32 Ballistics
35:19 Siege Engineers
37:35 Hoardings
38:36 Gambesons
38:52 Squires
38:12 Pikeman
38:39 Arson
39:48 Cavalier
40:48 Halberdier
41:02 Man-at-Arms
42:16 Ring Archer Armor
42:21 Plate Barding Armor
41:49 Scale Mail Armor
42:25 Iron Casting
44:14 Warwolf
Connection lost

Rejoining the realm…

Still unreachable

The connection could not be restored.

Session expired

The server has moved on; the page needs a fresh start.